 Dungeon Crawl Stone Soup version 0.26-a0-651-gb41185065b (webtiles) character file.

Game seed: 4817801564436861582

28 Azzok the Insei (level 2, -5/21 HPs)
             Began as a Demonspawn Transmuter on Oct 18, 2020.
             Killed by nerve-wracking pain
             ... invoked by Jessica
              (6 damage)
             ... on level 2 of the Dungeon.
             The game lasted 00:00:59 (1323 turns).

Azzok the Insei (Demonspawn Transmuter)             Turns: 1323, Time: 00:01:00

Health: -5/21      AC:  2    Str: 10    XL:     2   Next: 96%
Magic:  2/5        EV: 12    Int: 14    God:
Gold:   80         SH:  0    Dex: 13    Spells: 4/5 levels left

rFire    . . .     SeeInvis .     - Unarmed
rCold    . . .     Faith    .   (no shield)
rNeg     . . .     Spirit   .   a - +0 robe
rPois    .         Reflect  .   (helmet currently unavailable)
rElec    .         Harm     .   (no cloak)
rCorr    .         Rampage  .   (no gloves)
MR       .....                  (boots currently unavailable)
Stlth    +.........             (no amulet)
HPRegen  0.07/turn              (no ring)
MPRegen  0.09/turn              (no ring)

@: appendages
A: horns 1, talons 2
a: End Transformation


You were on level 2 of the Dungeon.
You had grown temporary talons.
You visited 1 branch of the dungeon, and saw 2 of its levels.

You collected 80 gold pieces.

Inventory:

Armour
 a - a +0 robe (worn)
Scrolls
 b - 4 scrolls of identify {unknown}
 c - 5 scrolls of remove curse {unknown}


   Skills:
 - Level 1.0 Fighting
 - Level 1.7 Dodging
 + Level 3.1 Unarmed Combat
 - Level 2.0 Spellcasting
 * Level 2.8 Transmutations


You had 4 spell levels left.
You knew the following spells:

 Your Spells              Type           Power        Failure   Level
a - Beastly Appendage     Tmut           #.....       8%          1

Your spell library contained the following spells:

 Spells                   Type           Power        Failure   Level
 Wereblood                Tmut           #.......     12%         2
 Spider Form              Tmut/Pois      #.........   38%         3
 Ice Form                 Ice/Tmut       #.......     80%         4
 Blade Hands              Tmut           #.........   91%         5


Dungeon Overview and Level Annotations

Branches:
Dungeon (2/15)

Altars:

Annotations:
D:2 Jessica


Innate Abilities, Weirdness & Mutations

You have a pair of small horns on your head.
You have razor-sharp toenails.


Message History

Casting: Beastly Appendage (safe; 8% risk of failure)
Confirm with . or Enter, or press ? or * to list all spells.
You fail to extend your transformation any further.
Jessica hits you but does no damage.
Unknown command.
You barely miss Jessica. The rat closely misses you.
Jessica gestures wildly.
Jessica closely misses you.
You hit Jessica.
Jessica is heavily wounded.
The rat bites you.
* * * LOW HITPOINT WARNING * * *
Jessica gestures wildly while chanting.
Jessica seems to speed up.
You hit Jessica.
Jessica is heavily wounded.
The rat barely misses you. Jessica gestures at you while chanting.
Pain shoots through your body!
You die...

▒··· ···▒ ▒▒ ▒▒▒ ···▒
▒··· ▒·· ··?▒▒▒· ▒···▒
▒·▒▒▒······· ▒···▒
▒·▒▒·····▒ ·· ▒···▒
▒·▒▒r@···▒▒
▒·▒▒▒···▒▒▒▒▒·▒▒@▒·····
·····················▒
(···<·········?··▒······
·············▒▒▒▒▒▒▒·▒▒▒
·▒▒▒<··▒▒▒▒▒▒ ▒ ▒···▒
▒···▒ ▒···▒ ▒···▒ ▒▒▒


You could see Jessica (fast) and a rat.

Vanquished Creatures
  2 dart slugs (D:1)
  A leopard gecko (D:2)
  2 giant cockroaches (D:1)
  3 goblins (D:1)
  4 hobgoblins (D:1)
  3 kobolds (D:1)
  3 frilled lizards (D:2)
  2 rats (D:1)
20 creatures vanquished.

Vanquished Creatures (others)
  A plant (D:2)
1 creature vanquished.

Grand Total: 21 creatures vanquished

Notes
Turn   | Place    | Note
-------+----------+-------------------------------------------
     0 | D:1      | Azzok the Demonspawn Transmuter began the quest for the
                  | Orb.
     0 | D:1      | Reached XP level 1. HP: 15/15 MP: 3/3
   320 | D:1      | Gained mutation: You have a pair of small horns on your
                  | head. [demonic ancestry]
   320 | D:1      | Reached XP level 2. HP: 21/21 MP: 5/5
   424 | D:1      | Reached skill level 3 in Unarmed Combat
  1315 | D:2      | Noticed Jessica
  1322 | D:2      | HP: 1/21 [rat (1)]
  1323 | D:2      | Killed from afar by Jessica

Illustrated notes

Levels and vault maps discovered:
D:1:      sevenhm_arrival_forest_fort_small_6, layout_loops_ring
D:2:      layout_loops_cross, chequers_ecumenical_altar_lobes, uniq_natasha,
          uniq_jessica

Skill      XL: |  1  2 |
---------------+-------+-----
Transmutations | 2 |  2.8
Unarmed Combat | 3 |  3.1
Fighting       | |  1.0
Dodging        | |  1.7
Spellcasting   | |  2.0

Action                   || total
-------------------------++-------
Melee: Unarmed           ||    70
       Headbutt          ||     6
 Cast: Beastly Appendage ||     3
 Stab: Sleeping          ||     1
Armor: Robe              ||     9
Dodge: Dodged            ||    38

Table legend: (Time is in decaauts)
 A = Elapsed time spent in this place.
 B = Non-inter-level travel time spent in this place.
 C = Inter-level travel time spent in this place.
 D = Time resting spent in this place.
 E = Time spent auto-exploring this place.
 F = Levels seen in this place.
 G = Mean time per level.
                   A        B        C        D        E       F      G
               +--------+--------+--------+--------+--------+-----+--------+
         Total |   1319 |   1310 |      9 |      0 |   1139 |   2 |  659.5 |
       Dungeon |   1319 |   1310 |      9 |      0 |   1139 |   2 |  659.5 |
               +--------+--------+--------+--------+--------+-----+--------+

Top non-repeatable levels by time:
     D:1: 1089 daAuts
     D:2: 230 daAuts
